 Dungeon Crawl Stone Soup version 0.22-a0-283-g1871b15 (webtiles) character file.

10712 Amnesiac the Zephyrmancer (level 11, 0/56 HPs)
             Began as a Tengu Air Elementalist on Mar 20, 2018.
             Was an Elder of Sif Muna.
             Slain by a vampire mosquito (7 damage)
             ... on level 12 of the Dungeon.
             The game lasted 00:20:12 (11249 turns).

Amnesiac the Zephyrmancer (Tengu Air Elementalist) Turns: 11249, Time: 00:20:13

Health: 0/56       AC:  6    Str:  8    XL:     11   Next: 66%
Magic:  0/41       EV: 13    Int: 18    God:    Sif Muna [****..]
Gold:   661        SH:  0    Dex: 16    Spells: 10/31 levels left

rFire    + . .     SeeInvis .   a - staff of power
rCold    + . .     Gourm    .   (no shield)
rNeg     . . .     Faith    .   e - +1 robe {rC+}
rPois    +         Spirit   +   (helmet restricted)
rElec    .         Reflect  .   l - +0 cloak
rCorr    .         Harm     .   (no gloves)
MR       .....                  (boots unavailable)
Stlth    ++........             C - amulet of guardian spirit
HPRegen  0.18/turn              t - ring of poison resistance
MPRegen  0.27/turn              k - ring of wizardry

@: no casting
A: beak, talons 3, molten scales 1, fire resistance 1, able to fly 1
a: Fly, Stop Divine Energy, Channel Magic, Forget Spell, Renounce Religion


You were on level 12 of the Dungeon.
You worshipped Sif Muna.
Sif Muna was greatly pleased with you.
You were not hungry.

You visited 2 branches of the dungeon, and saw 13 of its levels.

You collected 707 gold pieces.
You spent 46 gold pieces at shops.

Inventory:

Hand Weapons
 b - a +3 war axe of electrocution
 H - a +0 whip
Missiles
 j - 7 curare-tipped needles
Armour
 e - a +1 robe of cold resistance (worn)
 l - a +0 cloak (worn)
 u - a +0 shield
 z - a +0 buckler
 I - a +2 leather armour of magic resistance
Magical Staves
 a - an uncursed staff of power (weapon)
Jewellery
 k - a ring of wizardry (right hand)
 t - a ring of poison resistance (left hand)
 C - an amulet of guardian spirit (around neck)
 G - an uncursed ring of stealth {unknown}
Wands
 d - a wand of iceblast (6)
 y - a wand of paralysis (10)
 F - a wand of disintegration (11)
Scrolls
 f - 2 scrolls of fog {!r}
 h - 6 scrolls of teleportation {!r}
 m - 4 scrolls of magic mapping {!r}
 x - a scroll of enchant armour {!r}
 A - 2 scrolls of remove curse {!r}
 B - a scroll of amnesia {!r}
Potions
 i - a potion of brilliance {!q}
 n - a potion of haste {!q}
 o - 5 potions of flight {!q}
 p - a potion of invisibility {!q, unknown}
 q - 2 potions of heal wounds {!q, unknown}
 r - a potion of curing {!q}
 s - a potion of magic {!q}
 v - 4 potions of lignification {!q}
 w - 3 potions of might {!q}
 D - 2 potions of berserk rage {!q, unknown}
 E - a potion of resistance {!q, unknown}
Comestibles
 c - 27 rations


   Skills:
 - Level 1.6 Fighting
 - Level 2.1 Dodging
 - Level 2.0 Stealth
 - Level 10.7 Spellcasting
 - Level 10.7 Conjurations
 - Level 10.7 Air Magic
 + Level 7.3 Invocations


You had 10 spell levels left.
You knew the following spells:

 Your Spells              Type           Power        Failure   Level  Hunger
a - Airstrike             Air            #####.....   1%          4    ##.....
b - Static Discharge      Conj/Air       #####...     1%          3    None
c - Shock                 Conj/Air       ####         1%          1    None
d - Lightning Bolt        Conj/Air       #####.....   1%          5    #####..
e - Mephitic Cloud        Conj/Pois/Air  #####...     1%          3    None
f - Confuse               Hex            #.......     9%          3    None
g - Swiftness             Chrm/Air       ####....     1%          2    None


Dungeon Overview and Level Annotations

Branches:
Dungeon (12/15)            Temple (1/1) D:4            Lair (0/6) D:9
    Orc: D:9-12

Altars:
Ashenzari
Cheibriados
Dithmenos
Elyvilon
Fedhas
Gozag
Hepliaklqana
Kikubaaqudgha
Makhleb
Nemelex Xobeh
Okawaru
Qazlal
Ru
Sif Muna
Trog
Uskayaw
Vehumet
Wu Jian
Xom
Yredelemnul
Zin
The Shining One

Shops:
D:9 *   D:10 %   D:11 (

Portals:
Trove: D:11 (give 19 scrolls of identify)


Innate Abilities, Weirdness & Mutations

You have a beak for a mouth.
You have claws for feet.
You can fly.
You are partially covered in molten scales. (AC +2)
Your flesh is heat resistant. (rF+)


Message History

The air twists around and violently strikes the vampire mosquito!
The vampire mosquito buzzes angrily.
The vampire mosquito is almost destroyed.
Sif Muna grants you divine energy.
You briefly lose access to your magic!
You are unable to access your magic!
You completely miss the vampire mosquito.
The vampire mosquito is almost destroyed.
The vampire mosquito closely misses you.
The vampire mosquito bites you.
The vampire mosquito draws strength from your injuries!
The vampire mosquito bites you!
The vampire mosquito draws strength from your injuries!
You are unable to access your magic!
You are unable to access your magic!
You are unable to access your magic!
You regain access to your magic.
The vampire mosquito bites you!
The vampire mosquito draws strength from your injuries!
Casting: Airstrike (safe; 1% risk of failure)
Confirm with . or Enter, or press ? or * to list all spells.
Aiming: Airstrike (safe; 1% risk of failure)
Press: ? - help, Dir - move target cursor, f/p - vampire mosquito
Aim: a vampire mosquito (heavily damaged)
The air twists around and violently strikes the vampire mosquito!
The vampire mosquito is almost destroyed.
Sif Muna grants you divine energy.
You briefly lose access to your magic!
The vampire mosquito bites you.
The vampire mosquito draws strength from your injuries!
The vampire mosquito completely misses you.
You closely miss the vampire mosquito.
The vampire mosquito is almost destroyed.
The vampire mosquito closely misses you.
The vampire mosquito bites you!
* * * LOW HITPOINT WARNING * * *
The vampire mosquito draws strength from your injuries!
You are unable to access your magic!
You are unable to access your magic!
The vampire mosquito bites you but does no damage.
The vampire mosquito bites you.
* * * LOW HITPOINT WARNING * * *
The vampire mosquito draws strength from your injuries!
You are unable to access your magic!
The vampire mosquito bites you!
* * * LOW HITPOINT WARNING * * *
The vampire mosquito draws strength from your injuries!
You are unable to access your magic!
You regain access to your magic.
The vampire mosquito bites you!
* * * LOW HITPOINT WARNING * * *
The vampire mosquito draws strength from your injuries!
Casting: Airstrike (safe; 1% risk of failure)
Confirm with . or Enter, or press ? or * to list all spells.
Aiming: Airstrike (safe; 1% risk of failure)
Press: ? - help, Dir - move target cursor, f/p - vampire mosquito
Aim: a vampire mosquito The air twists around and violently strikes the vampire mosquito!
The vampire mosquito is severely damaged.
Sif Muna grants you divine energy.
You briefly lose access to your magic!
The vampire mosquito bites you.
* * * LOW HITPOINT WARNING * * *
The vampire mosquito draws strength from your injuries!
The vampire mosquito bites you!
You die...

## .. #) #. #.
######.##########
................#
######.########y#
#( #@# #. #.# #.
### #)# #. ..#
#.# .. ..# #.# ##
#.# #.# #.# #.#
#.# #.# #.# #.#


You could see a vampire mosquito.

Vanquished Creatures
  The ghost of zkyp the Cleaver, a journeyman OpGl of Gozag (D:9)
  A two-headed ogre (D:9)
  A tengu warrior (D:10)
  Nergalle (D:11)
  An ugly thing (D:12)
  Psyche (D:10)
  A gargoyle (D:12)
  A komodo dragon (D:9)
  A kobold demonologist (D:12)
  2 trolls
  Grinder (D:4)
  A hornet (D:10)
  5 yaks (D:12)
  2 wyverns
  2 hungry ghosts
  Menkaure (D:5)
  3 water moccasins
  5 orc warriors
  A hornet zombie (D:10)
  3 sky beasts
  6 ogres
  2 phantoms
  5 centaurs
  A big kobold (D:11)
  Blork the orc (D:4)
  4 bullfrogs
  5 killer bees (D:7)
  3 scorpions
  A water moccasin skeleton (D:9)
  5 crimson imps
  2 quasits
  A centaur zombie (D:12)
  6 hounds
  6 jellies
  2 orc priests
  7 orc wizards
  Ijyb (D:3)
  A bullfrog skeleton (D:3)
  2 centaur skeletons (D:10)
  A gnoll shaman (D:4)
  4 iguanas
  4 worker ants
  An ogre zombie (D:12)
  A hound skeleton (D:5)
  A worker ant zombie (D:9)
  4 gnolls (D:4)
  10 adders
  2 shadow imps
  An adder zombie (D:6)
  An adder skeleton (D:6)
  3 dart slugs
  9 leopard geckos
  43 orcs
  2 giant cockroaches
  5 goblins
  9 hobgoblins
  15 jackals
  7 quokkas
  5 ball pythons
  5 bats
  5 frilled lizards
  9 kobolds
  A leopard gecko skeleton (D:7)
  A quokka skeleton (D:7)
  2 quokka zombies
  3 rats
250 creatures vanquished.

Vanquished Creatures (others)
  An orc wizard (D:6)
  4 plants
5 creatures vanquished.

Grand Total: 255 creatures vanquished

Notes
Turn   | Place    | Note
-------+----------+-------------------------------------------
     0 | D:1      | Amnesiac the Tengu Air Elementalist began the quest for the Orb.
     0 | D:1      | Reached XP level 1. HP: 10/10 MP: 4/4
   142 | D:1      | Reached XP level 2. HP: 15/15 MP: 4/6
   688 | D:2      | Reached XP level 3. HP: 19/19 MP: 4/7
   693 | D:2      | Learned a level 3 spell: Static Discharge
  1339 | D:3      | Reached XP level 4. HP: 24/24 MP: 7/9
  1824 | D:3      | Noticed Ijyb
  1838 | D:3      | Killed Ijyb
  1838 | D:3      | Gained mutation: You can fly. [Tengu growth]
  1838 | D:3      | Reached XP level 5. HP: 19/28 MP: 0/12
  2141 | D:3      | Found a shadowy altar of Dithmenos.
  2336 | D:3      | Found a shimmering altar of Xom.
  2369 | D:3      | Learned a level 4 spell: Airstrike
  2372 | D:3      | Learned a level 2 spell: Swiftness
  2596 | D:4      | Found a sparkling altar of Nemelex Xobeh.
  2851 | D:4      | Reached skill level 1 in Fighting
  2851 | D:4      | Reached XP level 6. HP: 34/34 MP: 7/13
  2877 | D:4      | Found a burning altar of Makhleb.
  3017 | D:4      | Noticed a phantom
  3022 | D:4      | Killed a phantom
  3125 | D:4      | Found a staircase to the Ecumenical Temple.
  3170 | D:4      | Found a bloodstained altar of Trog.
  3180 | D:4      | Noticed Blork the orc
  3215 | Temple   | Entered the Ecumenical Temple
  3235 | Temple   | Became a worshipper of Sif Muna the Loreminder
  3514 | Temple   | Gained mutation: You are covered in fur. (AC +1) [potion of mutation]
  3514 | Temple   | Gained mutation: You are partially covered in molten scales. (AC +2) [potion of mutation]
  3514 | Temple   | Lost mutation: You are covered in fur. (AC +1) [potion of mutation]
  3514 | Temple   | Gained mutation: Your flesh is heat resistant. (rF+) [potion of mutation]
  3524 | D:4      | Killed Blork the orc
  3524 | D:4      | Reached skill level 5 in Spellcasting
  3524 | D:4      | Reached skill level 5 in Conjurations
  3524 | D:4      | Reached skill level 5 in Air Magic
  3524 | D:4      | Reached XP level 7. HP: 25/38 MP: 7/15
  3653 | D:4      | Noticed Grinder
  3659 | D:4      | Killed Grinder
  3942 | D:4      | Got a translucent lead ring
  4018 | D:4      | Identified the cursed ring of Creativity {Str-5 Dex+6} (You found it on level 4 of the Dungeon)
  4062 | D:5      | Entered Level 5 of the Dungeon
  4152 | D:5      | Reached XP level 8. HP: 43/43 MP: 8/18
  4182 | D:5      | Reached * piety under Sif Muna
  4281 | D:5      | Noticed Menkaure
  4297 | D:5      | Killed Menkaure
  4563 | D:6      | Found an ornate altar of the Wu Jian Council.
  4638 | D:6      | Learned a level 5 spell: Lightning Bolt
  4642 | D:6      | Learned a level 3 spell: Confuse
  4974 | D:6      | Found a shattered altar of Ashenzari.
  4985 | D:6      | Reached ** piety under Sif Muna
  5162 | D:6      | Reached XP level 9. HP: 48/48 MP: 1/21
  6536 | D:7      | Reached *** piety under Sif Muna
  7482 | D:9      | Noticed zkyp's ghost (journeyman OpGl)
  7489 | D:9      | Killed zkyp's ghost
  7489 | D:9      | Reached XP level 10. HP: 21/52 MP: 0/24
  7650 | D:9      | Found Puilugapp's Assorted Antiques.
  7653 | D:9      | Reached **** piety under Sif Muna
  7849 | D:9      | Bought a scroll labeled WONLIO CAKITAO for 23 gold pieces
  7849 | D:9      | Bought a scroll labeled ORHUCZ UWIATAO for 23 gold pieces
  7916 | D:9      | Found a glowing silver altar of Zin.
  8025 | D:9      | Found a staircase to the Lair.
  8061 | D:9      | Found an opulent altar of Gozag.
  8183 | D:9      | Reached skill level 10 in Spellcasting
  8188 | D:9      | Noticed a two-headed ogre
  8199 | D:9      | Killed a two-headed ogre
  8199 | D:9      | Reached skill level 10 in Conjurations
  8199 | D:9      | Reached skill level 10 in Air Magic
  8467 | D:10     | Entered Level 10 of the Dungeon
  8734 | D:10     | Noticed Psyche
  8738 | D:10     | Killed Psyche
  8741 | D:10     | Reached ***** piety under Sif Muna
  8741 | D:10     | Identified Sif Muna's Collected Works on Conjuration (Sif Muna gifted it to you on level 10 of the Dungeon)
  8741 | D:10     | Received a gift from Sif Muna
  8768 | D:10     | Reached XP level 11. HP: 45/56 MP: 0/26
  8912 | D:9      | Learned a level 3 spell: Mephitic Cloud
  9098 | D:10     | Reached skill level 1 in Invocations
  9148 | D:10     | Noticed a tengu warrior
  9153 | D:10     | Killed a tengu warrior
  9184 | D:10     | Found Feyvuder's Food Shoppe.
  9600 | D:11     | Noticed Nergalle
  9604 | D:11     | Killed Nergalle
  9918 | D:11     | Found a portal to a secret trove of treasure.
  9923 | D:11     | Found a shimmering altar of Xom.
 10176 | D:11     | Found Woytwoenn's Antique Weapon Boutique.
 10526 | D:12     | Reached skill level 5 in Invocations
 10875 | D:12     | Noticed a purple ugly thing
 10890 | D:12     | Killed a purple ugly thing
 11249 | D:12     | Slain by a vampire mosquito

Vault maps used:
D:1:      dpeg_arrival_houses_and_road
D:3:      lemuel_doored_altar, overflow_temple_1_default, moated_statue,
          uniq_ijyb
D:4:      nemelex_xobeh_ov_fountains_minmay, lightli_temple_of_fire,
          makhleb_grotto_becter, minmay_temple_entry_glassed_door, first_ration,
          uniq_blork_the_orc, uniq_grinder
D:5:      uniq_menkaure
D:6:      lemuel_round_altar, overflow_temple_1_default
D:9:      nicolae_gozag_cash_rules_everything_around_me, david_lair_shrubbed,
          serial_shops, shop_statue, basic_altar
D:10:     serial_shops, nicolae_shop_stone, grunt_tengu_nest, uniq_psyche
D:11:     enter_trove_2, basic_altar, serial_shops, nicolae_shop_crystal,
          corexii_leaking_fountain, minmay_misc_feat_tower, uniq_nergalle
D:12:     zombieorc2_lemuel, serial_shops, nicolae_shop_crystal
Temple:   nicolae_temple_great_sept

Skill      XL: |  1  2  3  4  5  6  7  8  9 10 11 |
---------------+----------------------------------+-----
Conjurations   | 2 3 4 5 6 7 9 10 | 10.7
Spellcasting   | 4 5 6 7 9 10 | 10.7
Fighting       | 1 |  1.6
Air Magic      | 5 6 7 9 10 | 10.7
Invocations    | 7 |  7.3
Dodging        | |  2.1
Stealth        | |  2.0

Action                   |  1- 3 |  4- 6 |  7- 9 | 10-12 || total
-------------------------+-------+-------+-------+-------++-------
Melee: Unarmed           |     5 |    23 |       |       ||    28
       Peck              |     1 |     6 |     6 |     2 ||    15
       Kick              |     1 |     5 |    24 |     2 ||    32
       War axe           |       |       |    62 |       ||    62
       Staff             |       |       |       |    17 ||    17
 Cast: Shock             |    67 |    94 |    33 |       ||   194
       Static Discharge  |       |     5 |     2 |       ||     7
       Airstrike         |       |     3 |   125 |   170 ||   298
       Lightning Bolt    |       |       |       |    11 ||    11
       Mephitic Cloud    |       |       |       |     1 ||     1
Invok: Divine Energy     |       |       |     1 |       ||     1
 Abil: Fly               |       |       |       |     1 ||     1
  Use: Scroll            |       |    15 |    11 |     2 ||    28
       Potion            |       |     1 |     1 |       ||     2
 Stab: Sleeping          |       |       |     1 |       ||     1
  Eat: Chunk             |     2 |     7 |    27 |    20 ||    56
       Ration            |       |       |       |     2 ||     2
Armor: Robe              |     5 |     6 |    32 |     7 ||    50
       Leather armour    |       |       |       |    17 ||    17
Dodge: Dodged            |    14 |    43 |   108 |    51 ||   216

Table legend:
 A = Spawn XP
 B = Non-spawn XP
 C = Spawn XP percentage of total XP
 D = Spawn monster count
 E = Non-spawn monster count
 F = Spawn count percentage of total count
 G = Total turns spent on level
                    A         B        C        D         E        F      G
               +---------+---------+-------+---------+---------+-------+---------
         Total |       0 |   15304 |   0.0 |       0 |     250 |   0.0 | 11249
               +---------+---------+-------+---------+---------+-------+---------
           D:1 |       0 |      31 |   0.0 |       0 |      16 |   0.0 |   664
           D:2 |       0 |      50 |   0.0 |       0 |      22 |   0.0 |   666
           D:3 |       0 |     158 |   0.0 |       0 |      25 |   0.0 |  1260
           D:4 |       0 |     743 |   0.0 |       0 |      18 |   0.0 |  1179
           D:5 |       0 |     646 |   0.0 |       0 |      16 |   0.0 |   495
           D:6 |       0 |    1169 |   0.0 |       0 |      25 |   0.0 |   942
           D:7 |       0 |    1268 |   0.0 |       0 |      36 |   0.0 |  1223
           D:8 |       0 |     562 |   0.0 |       0 |      15 |   0.0 |   760
           D:9 |       0 |    3200 |   0.0 |       0 |      17 |   0.0 |  1171
          D:10 |       0 |    2567 |   0.0 |       0 |      28 |   0.0 |  1048
          D:11 |       0 |    1377 |   0.0 |       0 |      13 |   0.0 |   823
          D:12 |       0 |    3533 |   0.0 |       0 |      19 |   0.0 |   725
               +---------+---------+-------+---------+---------+-------+---------
